 Dungeon Crawl Stone Soup version 0.20.1-1-g8b1a95d (webtiles) character file.

88 Jawreze the Charmwright (level 4, 0/33 HPs)
             Began as a Merfolk Skald on Aug 30, 2017.
             Was an Initiate of Nemelex Xobeh.
             Succumbed to an adder's poison
             ... on level 3 of the Dungeon.
             The game lasted 00:06:12 (1783 turns).

Jawreze the Charmwright (Merfolk Skald)             Turns: 1783, Time: 00:06:13

Health: 0/33       AC:  4    Str: 11    XL:     4   Next: 54%
Magic:  7/8        EV: 13    Int: 13    God:    Nemelex Xobeh [......]
Gold:   82         SH:  0    Dex: 13    Spells: 0/8 levels left

rFire    . . .     SeeInvis .   a - +0 spear
rCold    . . .     Gourm    .   (no shield)
rNeg     . . .     Faith    .   m - +1 robe {MR+}
rPois    .         Spirit   .   (no helmet)
rElec    .         Reflect  .   (no cloak)
rCorr    .         Harm     .   (no gloves)
MR       +....                  i - +0 pair of boots
Stlth    +.........             (no amulet)
Regen    0.2/turn               (no ring)
MPRegen  0.2/turn               (no ring)

@: lethally poisoned (0 -> -5), singing
A: change form in water, swift swim, stealthy swim
a: Renounce Religion


You were on level 3 of the Dungeon.
You worshipped Nemelex Xobeh.
Nemelex Xobeh was noncommittal.
You were very hungry.

You visited 1 branch of the dungeon, and saw 3 of its levels.

You collected 82 gold pieces.

Inventory:

Hand Weapons
 a - a +0 spear (weapon)
Armour
 b - a +0 leather armour
 i - a +0 pair of boots (worn)
 m - a +1 robe of magic resistance (worn)
Jewellery
 l - an uncursed ring of protection from cold {unknown}
Scrolls
 e - a scroll of blinking {unknown}
 g - a scroll of enchant weapon {unknown}
 h - 2 scrolls of identify {unknown}
 j - a scroll of remove curse {unknown}
Potions
 k - 2 potions of brilliance {unknown}
 n - 3 potions of curing {unknown}
Books
 c - a book of Battle

   Spells                             Type                      Level
   a - Infusion                       Charms                       1
   b - Shroud of Golubria             Charms/Translocation         2
   c - Song of Slaying                Charms                       2
   d - Spectral Weapon                Hexes/Charms                 3
   e - Regeneration                   Charms/Necromancy            3
Miscellaneous
 f - a plain deck of destruction
Comestibles
 d - 2 bread rations
 o - a fruit
 p - a meat ration


   Skills:
 - Level 2.1 Fighting
 + Level 4.2 Polearms
 - Level 0.6 Armour
 - Level 2.6 Dodging
 + Level 2.9 Spellcasting
 + Level 0.0 Hexes
 * Level 4.4 Charms


You couldn't memorise any spells.
You knew the following spells:

 Your Spells              Type           Power        Failure   Level  Hunger
a - Infusion              Chrm           ##..         3%          1    #......
b - Song of Slaying       Chrm           ##......     5%          2    ###....
c - Shroud of Golubria    Chrm/Tloc      #.........   14%         2    ###....
d - Spectral Weapon       Hex/Chrm       #.......     28%         3    ###....


Dungeon Overview and Level Annotations

Branches:
Dungeon (3/15)

Altars:
Nemelex Xobeh
Qazlal
Yredelemnul


Message History

You barely miss the adder.
The adder is heavily wounded.
The adder closely misses you. The adder bites you.
* * * LOW HITPOINT WARNING * * *
You miss the adder.
The adder is heavily wounded.
* * * LOW HITPOINT WARNING * * *
You feel sick. The adder bites you.
* * * LOW HITPOINT WARNING * * *
You closely miss the adder.
The adder is heavily wounded.
* * * LOW HITPOINT WARNING * * *
You feel sick. The adder barely misses you.
You closely miss the adder.
The adder is heavily wounded.
The adder closely misses you.
You hit the adder.
The adder is almost dead.
You die...
Your body disappears without a glow.

#. #. #.#####
#.....# ..
#.....#
....##.....#
.......S...#
#@...##
+.....# #
###.....#
..#.#.......#
...>........#
#.###...#...#
#....##.#...#
#.... #.#...#
#... #.#...#


You could see an adder.

Vanquished Creatures
  A gnoll (D:2)
  4 adders
  A dart slug (D:1)
  A leopard gecko (D:2)
  3 giant cockroaches (D:1)
  5 hobgoblins
  6 jackals (D:1)
  4 kobolds
  5 bats
  5 frilled lizards
  6 rats
41 creatures vanquished.

Notes
Turn   | Place    | Note
-------+----------+-------------------------------------------
     0 | D:1      | Jawreze the Merfolk Skald began the quest for the Orb.
     0 | D:1      | Reached XP level 1. HP: 16/16 MP: 3/3
   164 | D:1      | Reached XP level 2. HP: 17/22 MP: 3/5
   344 | D:1      | Reached XP level 3. HP: 27/27 MP: 6/6
   921 | D:2      | Reached XP level 4. HP: 23/33 MP: 2/8
  1125 | D:2      | Found a sparkling altar of Nemelex Xobeh.
  1126 | D:2      | Found a stormy altar of Qazlal.
  1240 | D:2      | Found a basalt altar of Yredelemnul.
  1244 | D:2      | Learned a level 2 spell: Song of Slaying
  1247 | D:2      | Learned a level 2 spell: Shroud of Golubria
  1251 | D:2      | Learned a level 3 spell: Spectral Weapon
  1706 | D:2      | Became a worshipper of Nemelex Xobeh the Trickster
  1735 | D:3      | Received a gift from Nemelex Xobeh
  1781 | D:3      | HP: 1/33 [poisoned by an adder]
  1783 | D:3      | Succumbed to an adder's poison

Skill      XL: |  1  2  3 |
---------------+----------+-----
Charms         | 4 |  4.4
Polearms       | 4 |  4.2
Fighting       | |  2.1
Armour         | |  0.6
Dodging        | |  2.6
Spellcasting   | |  2.9

Action                   |  1- 3 |  4- 6 || total
-------------------------+-------+-------++-------
Melee: Spear             |   109 |    47 ||   156
 Cast: Infusion          |     6 |     1 ||     7
       Song of Slaying   |       |     1 ||     1
 Stab: Sleeping          |     1 |     1 ||     2
  Eat: Chunk             |       |     2 ||     2
Armor: Leather armour    |    22 |       ||    22
       Robe              |     3 |     7 ||    10
Dodge: Dodged            |    57 |    27 ||    84
